 Dungeon Crawl Stone Soup version 0.29.0-11-gd7f09526c8 (webtiles) character file.

Game seed: 4755486949786003266

42 robertstho the Ruffian (level 3, 0/20 HPs)
             Began as a Vine Stalker Berserker on Sept 2, 2022.
             Was a Follower of Trog.
             Succumbed to an adder's poison
             ... on level 2 of the Dungeon.
             The game lasted 00:00:59 (1262 turns).

robertstho the Ruffian (Vine Stalker Berserker)     Turns: 1262, Time: 00:00:59

Health: 0/20       AC:  2    Str: 21    XL:     3   Next: 56%
Magic:  3/4        EV: 12    Int:  7    God:    Trog [*.....]
Gold:   59         SH:  0    Dex: 13    Spells: 2/2 levels left

rFire   . . .      SeeInvis .     - Unarmed
rCold   . . .      Faith    .   (no shield)
rNeg    . . .      Spirit   +   a - +0 animal skin
rPois   .          Reflect  .   (no helmet)
rElec   .          Harm     .   (no cloak)
rCorr   .          Rampage  .   (no gloves)
Will    .....                   (no boots)
Stlth   +.........              (no amulet)
HPRegen 0.06/turn               (no ring)
MPRegen 0.09/turn               (no ring)

@: lethally poisoned (0 -> -5), on berserk cooldown, slowed, very slow
A: fangs 2, magic shield, antimagic bite, no potion heal 2
a: Renounce Religion, Berserk


You were on level 2 of the Dungeon.
You worshipped Trog.
Trog was aware of your devotion.
You visited 1 branch of the dungeon, and saw 2 of its levels.

You collected 59 gold pieces.

Inventory:

Armour
 a - a +0 animal skin (worn)
Jewellery
 f - a ring of ice
Scrolls
 b - a scroll of poison {unknown}
 d - a scroll of blinking {unknown}
 g - a scroll of identify {unknown}
Potions
 c - 2 potions of lignification {unknown}
 e - 2 potions of degeneration {unknown}


   Skills:
 * Level 3.2 Fighting
 + Level 1.6 Armour
 + Level 1.7 Dodging
 + Level 0.1 Stealth
 * Level 3.9 Unarmed Combat


You had 2 spell levels left.
You didn't know any spells.
Your spell library was empty.

Dungeon Overview and Level Annotations

Branches:
Dungeon (2/15)

Altars:


Innate Abilities, Weirdness & Mutations

You have extremely sharp teeth.
When hurt, damage is shared between your health and your magic reserves.
Your bite disrupts and absorbs the magic of your enemies.
Potions cannot restore your health.


Message History

You are lethally poisoned!
The adder poisons you!
You are too injured to fight recklessly!
You are too injured to fight recklessly!
You are too injured to fight recklessly!
There is a lethal amount of poison in your body!
A red film seems to cover your vision as you go berserk!
You feel yourself moving faster!
You feel mighty!
You feel sick. The adder bites you.
* * * LOW HITPOINT WARNING * * *
You are lethally poisoned!
The adder poisons you!
You punch the adder! Your punch misses the adder. Your bite misses the adder.
The adder is almost dead.
* * * LOW HITPOINT WARNING * * *
You feel sick. The adder barely misses you.
You punch the adder!
You kill the adder!
Trog accepts your kill.
* * * LOW HITPOINT WARNING * * *
You feel sick.
You punch the rat!
You kill the rat!
Trog accepts your kill.
* * * LOW HITPOINT WARNING * * *
You feel sick.
A ball python comes into view.
Found a scroll labelled RUCWOF PAANA.
* * * LOW HITPOINT WARNING * * *
You feel sick.
You see here a rat corpse.
You feel a strong urge to attack something.
* * * LOW HITPOINT WARNING * * *
You feel sick.
* * * LOW HITPOINT WARNING * * *
You feel sick.
You feel your anger nearly subside.
You are no longer berserk.
You are exhausted.
You feel yourself slow down.
You die...

................># .
############.######.### .#
.#....# ..#....#......#..#
......? #.####.#.##......#
....... #.# #...##...##.#
........##.#########...#
................##.....#
.......###.####.##.#.#....#
.......†..@# #.##.#..#####
.......###....#....#..#
...S... ..#.#######...
....... #..#... #.###
...?... #..# ### #.#
#...... #..# .# #......
#..# ####... ....


You could see a ball python.

Vanquished Creatures
  An adder (D:2)
  3 dart slugs
  An endoplasm (D:1)
  A giant cockroach (D:1)
  5 goblins (D:1)
  2 hobgoblins (D:1)
  A quokka (D:1)
  2 ball pythons (D:1)
  2 bats (D:1)
  4 frilled lizards (D:1)
  2 kobolds (D:1)
  5 rats
29 creatures vanquished.

Notes
Turn   | Place    | Note
-------+----------+-------------------------------------------
     0 | D:1      | robertstho the Vine Stalker Berserker began the quest for
                  | the Orb.
     0 | D:1      | Reached XP level 1. HP: 11/11 MP: 2/2
    44 | D:1      | Reached XP level 2. HP: 5/16 MP: 0/3
   679 | D:1      | Reached XP level 3. HP: 20/20 MP: 4/4
   681 | D:1      | Found a faded altar of an unknown god.
  1261 | D:2      | HP: 1/30 [poisoned by an adder]
  1262 | D:2      | Succumbed to an adder's poison

Illustrated notes

Levels and vault maps discovered:
D:1:      wander_arrival_estate, layout_basic,
          hellmonk_ecumenical_altar_prayer_group
D:2:      layout_basic, basic_altar

Skill      XL: |  1  2 |
---------------+-------+-----
Fighting       | 3 |  3.2
Armour         | |  1.6
Dodging        | |  1.7
Stealth        | |  0.1
Unarmed Combat | |  3.9

Action                   || total
-------------------------++-------
Melee: Unarmed           ||    75
       Bite              ||     8
       Punch             ||     1
Invok: Berserk           ||     3
 Stab: Sleeping          ||     1
Armor: Animal skin       ||     9
Dodge: Dodged            ||    52
